Map: Prion Terraces

Players

LilDicky

  • Race: Terran Terran
  • League: Diamond

Aven - Winner!

  • Race: Zerg Zerg

VOD

http://www.twitch.tv/tumescentpie

Description

Time

  • Played on: Nov. 29, 2015, 4:43 p.m.
  • Length: 2:47
Show
View Real Time Build Order
Export as new Build Order

LilDicky Terran 

Build Orders:  

Get SALT Encoding   

  12  0:02  SCV  
  13  0:14  SCV  
  13  0:17  Supply Depot  
  14  0:26  SCV  
  15  0:39  SCV  
  15  0:41  Barracks  
  16  0:56  SCV  
  17  1:08  SCV  
  18  1:20  SCV  
  18  1:24  Barracks  
  18  1:25  Barracks  
  19  1:31  Marine  
  19  1:32  SCV  
  21  1:34  Supply Depot  
  21  1:46  Orbital Command  
  21  1:52  Command Center  
  21  1:53  Marine  
  22  2:05  Bunker  
  22  2:17  Marine  
  23  2:27  SCV  
Show
View Real Time Build Order
Export as new Build Order

Aven Zerg - Winner!

Build Orders: Hatch First 

Get SALT Encoding   

  12  0:01  Drone  
  13  0:12  Overlord  
  13  0:18  Drone  
  14  0:26  Drone, Extractor  
  15  0:32  Drone  
  16  0:36  Drone  
  17  0:45  Drone  
  18  0:59  Drone  
  19  1:05  Hatchery  
  18  1:14  Spawning Pool  
  18  1:16  Drone  
  18  1:25  Drone  
  19  1:27  Extractor  
  19  1:31  Drone  
  19  1:38  Drone  
  20  1:54  Overlord  
  20  2:02  Queen  
  22  2:14  Zergling x4  
  24  2:21  Spine Crawler  
  24  2:22  Zergling x4  
Tags
 
Add a new tag
Caveats
  • Supply blocks, unpowered buildings, or Contaminate may cause inaccurate times.
  • Supply counts are checked every 10 seconds.